 Dungeon Crawl Stone Soup version 0.30-a0-381-g6ea064c7b4 (webtiles) character file.

Game seed: 16698562971503405600

940 arthad the Chopper (level 8, 0/67 HPs)
             Began as a Gnoll Cinder Acolyte on Dec 1, 2022.
             Was an Elder of Ignis.
             Slain by a gnoll sergeant
             ... wielding a +0 spear
              (11 damage)
             ... on level 4 of the Dungeon on Dec 2, 2022.
             The game lasted 00:11:20 (3789 turns).

arthad the Chopper (Gnoll Cinder Acolyte)           Turns: 3789, Time: 00:11:21

Health: 0/67       AC:  6    Str: 15    XL:     8   Next: 12%
Magic:  14/14      EV: 15    Int: 15    God:    Ignis [****..]
Gold:   1887       SH:  5    Dex:  7    Spells: 13/15 levels left

rFire   + . .      SeeInvis .    s - +0 broad axe (flame)
rCold   . . .      Faith    .    (no shield)
rNeg    . . .      Spirit   .    t - +0 troll leather armour {Pargi}
rPois   .          Reflect  +    j - +0 helmet
rElec   .          Harm     .    (no cloak)
rCorr   .          Rampage  .    (no gloves)
Will    .....                    A - +0 pair of boots
Stlth   ++........               w - amulet of reflection
HPRegen 1.11/turn                c - +4 ring of evasion
MPRegen 0.14/turn                (no ring)

@: no status effects
A: fangs 1, strong nose, distributed training
a: Renounce Religion, Fiery Armour, Foxfire Swarm, Rising Flame


You were on level 4 of the Dungeon.
You worshipped Ignis.
Ignis was greatly pleased with you.
You visited 1 branch of the dungeon, and saw 4 of its levels.
You also visited: Sewer.

You collected 1979 gold pieces.
You spent 92 gold pieces at shops.

Inventory:

Hand Weapons
 a - a -1 hand axe of flaming
 f - a +2 dagger of electrocution
 g - a +0 sling
 s - a +0 broad axe of flaming (weapon)
Missiles
 q - 2 boomerangs
 x - 2 poisoned darts
 z - 2 throwing nets
Armour
 b - a +0 robe
 d - a +0 ring mail
 j - a +0 helmet (worn)
 t - a +0 troll leather armour (worn) {Pargi}
 A - a +0 pair of boots (worn)
Jewellery
 c - a +4 ring of evasion (left hand)
 w - an amulet of reflection (around neck)
Wands
 u - a wand of charming (10)
 y - a wand of flame (14)
Scrolls
 h - 3 scrolls of identify
 p - a scroll of fear
 B - a scroll of enchant armour {unknown}
Potions
 e - 2 potions of heal wounds
 i - 3 potions of might {unknown}
 k - 4 potions of flight
 l - 4 potions of lignification {unknown}
 m - a potion of haste
 n - a potion of invisibility {unknown}
 o - a potion of attraction {unknown}
 r - a potion of berserk rage
 v - a potion of resistance {unknown}


   Skills:
 + Level 7.3 Fighting
 + Level 3.1 Short Blades
 + Level 3.1 Long Blades
 + Level 7.3 Axes
 + Level 3.1 Maces & Flails
 + Level 3.1 Polearms
 + Level 3.1 Staves
 + Level 3.1 Ranged Weapons
 + Level 3.1 Throwing
 + Level 3.1 Armour
 + Level 3.1 Dodging
 + Level 3.1 Stealth
 + Level 3.1 Shields
 + Level 3.1 Unarmed Combat
 + Level 4.2 Spellcasting
 + Level 2.5 Conjurations
 + Level 2.5 Hexes
 + Level 2.5 Summonings
 + Level 2.5 Necromancy
 + Level 2.5 Translocations
 + Level 2.5 Transmutations
 + Level 6.0 Fire Magic
 + Level 2.5 Ice Magic
 + Level 2.5 Air Magic
 + Level 2.5 Earth Magic
 + Level 2.5 Poison Magic
 + Level 3.4 Invocations
 + Level 3.1 Evocations


You had 13 spell levels left.
You knew the following spells:

 Your Spells              Type           Power      Damage    Failure   Level
a - Scorch                Fire           42%        2d7       2%          2

Your spell library contained the following spells:

 Spells                   Type           Power      Damage    Failure   Level
 Kiss of Death            Conj/Necr      40%        2d8       8%          1
 Kindle Blastsparks       Fire/Tloc/Air  28%        2d12      14%         3
 Fulminant Prism          Conj/Hex       5%         3d7       58%         4
 Iskenderun's Mystic Bla  Conj/Tloc      10%        2d4       58%         4
 Summon Ice Beast         Ice/Summ       10%        N/A       58%         4
 Lee's Rapid Deconstruct  Erth           5%         3d6*      91%         5
 Summon Mana Viper        Hex/Summ       10%        N/A       91%         5
 Summon Cactus Giant      Summ           5%         N/A       100%        6


Dungeon Overview and Level Annotations

Branches:
Dungeon (4/15)              Sewer (visited)
 Temple: D:4-7

Altars:
Kikubaaqudgha
The Shining One

Shops:
D:1 *


Innate Abilities, Weirdness & Mutations

You have very sharp teeth.
Your uncanny sense of smell can sniff out nearby items.
Your experience applies equally to all skills.


Message History

You are too injured to fight recklessly!
You are too injured to fight recklessly!
You are too injured to fight recklessly!
You are too injured to fight recklessly!
You are too injured to fight recklessly!
Activating: Foxfire Swarm
Press: ? - help, Dir - look around, f - activate Flames leap up around you!
The gnoll hits you with a +0 halberd!
* * * LOW HITPOINT WARNING * * *
The gnoll sergeant closely misses you. The gnoll sergeant blocks your attack.
Your bite misses the gnoll sergeant.
The gnoll sergeant is severely wounded.
You slash the gnoll! You burn the gnoll.
You kill the gnoll!
The foxfire hits the gnoll sergeant but does no damage.
The gnoll sergeant is severely wounded.
The foxfire hits the gnoll sergeant but does no damage.
The gnoll sergeant is severely wounded.
The foxfire hits the gnoll sergeant but does no damage.
The gnoll sergeant is severely wounded.
The foxfire hits the gnoll sergeant but does no damage.
The gnoll sergeant is severely wounded.
The foxfire hits the gnoll sergeant but does no damage.
The gnoll sergeant is severely wounded.
The foxfire hits the gnoll sergeant but does no damage.
The gnoll sergeant is severely wounded.
The foxfire hits the gnoll sergeant but does no damage.
The gnoll sergeant is severely wounded.
The foxfire hits the gnoll sergeant but does no damage.
The gnoll sergeant is severely wounded.
The foxfire hits the gnoll sergeant but does no damage.
The gnoll sergeant is severely wounded.
The foxfire hits the gnoll sergeant.
The gnoll sergeant is severely wounded.
The foxfire hits the gnoll sergeant but does no damage.
The gnoll sergeant is severely wounded.
The foxfire hits the gnoll sergeant but does no damage.
The gnoll sergeant is severely wounded.
The gnoll sergeant hits you with a +0 spear!
You die...

######### #.......###
######.#####...#
..........)....#
#####..#####...# # #
#..........## .# #
#.....#####.# ..# #
##...######.####...###
# ##.##
#....§§@g...... # #.#
#.##.§§))...... # #.#
# ###§§§§.....
#.##...### ..# ...# ∆
#### ...# .## #. .#
'..


You could see a gnoll sergeant.

Vanquished Creatures
  Grinder (D:3)
  Sigmund (D:3)
  Edmund (D:4)
  Pargi (Sewer)
  Blork the orc (D:4)
  Jessica (D:2)
  Terence (D:2)
  Natasha (thrice) (D:3)
  An orc wizard (D:3)
  Robin (D:3)
  3 adders
  7 gnolls (D:4)
  A worm (D:3)
  4 orcs (D:3)
  7 bats
  7 endoplasms
  5 giant cockroaches
  8 hobgoblins
  6 jackals
  2 quokkas
  4 ball pythons
  14 goblins
  4 kobolds
  3 rats
87 creatures vanquished.

Vanquished Creatures (others)
  26 foxfires
26 creatures vanquished.

Grand Total: 113 creatures vanquished

Notes
Turn   | Place    | Note
-------+----------+-------------------------------------------
     0 | D:1      | arthad the Gnoll Cinder Acolyte began the quest for the
                  | Orb.
     0 | D:1      | Reached XP level 1. HP: 23/23 MP: 4/4
   303 | D:1      | Reached XP level 2. HP: 26/29 MP: 5/5
   649 | D:1      | Got Sif Muna's Catalogue of Amassed Gloom
   652 | D:1      | Found Soughon's Assorted Antiques.
   660 | D:1      | Bought a scroll labelled CEBRYU FOATO for 23 gold pieces
   660 | D:1      | Bought a scroll labelled NOCIYNKORR for 23 gold pieces
   660 | D:1      | Bought a scroll labelled CEBRYU FOATO for 23 gold pieces
   994 | D:2      | Learned a level 2 spell: Scorch
  1073 | D:2      | Noticed Terence
  1094 | D:2      | Killed Terence
  1095 | D:2      | Reached skill level 1 in Invocations
  1095 | D:2      | Reached XP level 3. HP: 3/35 MP: 0/7
  1281 | D:2      | Reached skill level 1 in Short Blades
  1281 | D:2      | Reached skill level 1 in Long Blades
  1281 | D:2      | Reached skill level 1 in Maces & Flails
  1281 | D:2      | Reached skill level 1 in Polearms
  1281 | D:2      | Reached skill level 1 in Staves
  1281 | D:2      | Reached skill level 1 in Ranged Weapons
  1281 | D:2      | Reached skill level 1 in Throwing
  1281 | D:2      | Reached skill level 1 in Armour
  1281 | D:2      | Reached skill level 1 in Dodging
  1281 | D:2      | Reached skill level 1 in Stealth
  1281 | D:2      | Reached skill level 1 in Shields
  1281 | D:2      | Reached skill level 1 in Unarmed Combat
  1281 | D:2      | Reached skill level 1 in Evocations
  1374 | D:2      | Noticed Jessica
  1410 | D:2      | Killed Jessica
  1411 | D:2      | Reached skill level 1 in Conjurations
  1411 | D:2      | Reached skill level 1 in Hexes
  1411 | D:2      | Reached skill level 1 in Summonings
  1411 | D:2      | Reached skill level 1 in Necromancy
  1411 | D:2      | Reached skill level 1 in Translocations
  1411 | D:2      | Reached skill level 1 in Transmutations
  1411 | D:2      | Reached skill level 1 in Ice Magic
  1411 | D:2      | Reached skill level 1 in Air Magic
  1411 | D:2      | Reached skill level 1 in Earth Magic
  1411 | D:2      | Reached skill level 1 in Poison Magic
  1411 | D:2      | Reached XP level 4. HP: 39/41 MP: 4/8
  1649 | D:2      | Found a faded altar of an unknown god.
  2291 | D:1      | Bought a scroll labelled TAOKEGHIXESU for 23 gold pieces
  2313 | D:3      | Noticed Natasha
  2314 | D:3      | Noticed Robin
  2315 | D:3      | Identified 3 scrolls of acquirement
  2322 | D:3      | Killed Natasha
  2323 | D:3      | Reached XP level 5. HP: 45/47 MP: 9/9
  2337 | D:3      | Killed Robin
  2357 | D:3      | Acquired 566 gold pieces
  2359 | D:3      | Acquired a +0 broad axe of flaming
  2365 | D:3      | Acquired 1193 gold pieces
  2566 | D:3      | Found a glowing drain.
  2577 | Sewer    | Entered a sewer
  2622 | Sewer    | Noticed Pargi
  2632 | Sewer    | Killed Pargi
  2633 | Sewer    | Reached XP level 6. HP: 24/53 MP: 1/11
  2794 | D:3      | Found an ancient bone altar of Kikubaaqudgha.
  3008 | D:3      | Noticed Natasha
  3014 | D:3      | Killed Natasha
  3025 | D:3      | Found a glowing golden altar of the Shining One.
  3081 | D:3      | Noticed Natasha
  3085 | D:3      | Killed Natasha
  3121 | D:3      | Noticed Grinder
  3132 | D:3      | Paralysed by Grinder for 2 turns
  3135 | D:3      | Killed Grinder
  3136 | D:3      | Reached XP level 7. HP: 54/60 MP: 2/12
  3387 | D:3      | Noticed Sigmund
  3403 | D:3      | Killed Sigmund
  3550 | D:4      | Noticed Edmund
  3566 | D:4      | Killed Edmund
  3567 | D:4      | Reached XP level 8. HP: 61/67 MP: 11/14
  3632 | D:4      | Noticed Blork the orc
  3641 | D:4      | Killed Blork the orc
  3789 | D:4      | Slain by a gnoll sergeant

Illustrated notes

Levels and vault maps discovered:
D:1:      beargit_arrival_diablo_church, layout_basic, serial_shops,
          nicolae_square_shop, chequers_big_river, grunt_decor_mini_mirrors,
          serial_bayou_ford_a
D:2:      layout_basic, serial_glass, glass_columns_a, glass_columns_b,
          glass_columns_a, glass_columns_b,
          hellmonk_ecumenical_altar_slurped_away, uniq_jessica, uniq_terence
D:3:      layout_loops_cross, mainiacjoe_overflow_24_doors, marbit_many_paths,
          cheibrodos_sewer_entry_bend, chequers_serial_rivers_room_a,
          uniq_grinder, uniq_sigmund, uniq_natasha, uniq_robin
D:4:      kennysheep_goblin_castle, layout_loops_corners,
          mainiacjoe_overflow_small_starburst, hangedman_decor_riveting,
          uniq_duvessa, uniq_menkaure, uniq_edmund, uniq_blork_the_orc

Skill      XL: |  1  2  3  4  5  6  7 |
---------------+----------------------+-----
Invocations    | 1 2 3 |  3.4
Short Blades   | 1 2 3 |  3.1
Long Blades    | 1 2 3 |  3.1
Maces & Flails | 1 2 3 |  3.1
Polearms       | 1 2 3 |  3.1
Staves         | 1 2 3 |  3.1
Ranged Weapons | 1 2 3 |  3.1
Throwing       | 1 2 3 |  3.1
Armour         | 1 2 3 |  3.1
Dodging        | 1 2 3 |  3.1
Stealth        | 1 2 3 |  3.1
Shields        | 1 2 3 |  3.1
Unarmed Combat | 1 2 3 |  3.1
Evocations     | 1 2 3 |  3.1
Spellcasting   | 3 4 |  4.2
Conjurations   | 1 2 |  2.5
Hexes          | 1 2 |  2.5
Summonings     | 1 2 |  2.5
Necromancy     | 1 2 |  2.5
Translocations | 1 2 |  2.5
Transmutations | 1 2 |  2.5
Ice Magic      | 1 2 |  2.5
Air Magic      | 1 2 |  2.5
Earth Magic    | 1 2 |  2.5
Poison Magic   | 1 2 |  2.5
Fighting       | 7 |  7.3
Axes           | 7 |  7.3
Fire Magic     | 6 |  6.0

Action                   |  1- 3 |  4- 6 |  7- 9 || total
-------------------------+-------+-------+-------++-------
Melee: Dagger            |    49 |    22 |       ||    71
       Hand axe          |    12 |       |       ||    12
       Bite              |     5 |    11 |     6 ||    22
       Broad axe         |       |    96 |    77 ||   173
       Punch             |       |       |     4 ||     4
 Cast: Scorch            |    12 |    17 |     1 ||    30
Invok: Foxfire Swarm     |     1 |       |     1 ||     2
       Fiery Armour      |       |     1 |       ||     1
  Use: Potion            |     2 |     2 |       ||     4
       Scroll            |       |     9 |       ||     9
 Stab: Sleeping          |       |     3 |       ||     3
Armor: Robe              |     4 |    30 |       ||    34
       Troll leather arm |       |    16 |     6 ||    22
Dodge: Dodged            |    48 |   134 |    59 ||   241
Block: Other             |       |     1 |    20 ||    21

Table legend: (Time is in decaauts)
 A = Elapsed time spent in this place.
 B = Non-inter-level travel time spent in this place.
 C = Inter-level travel time spent in this place.
 D = Time resting spent in this place.
 E = Time spent auto-exploring this place.
 F = Levels seen in this place.
 G = Mean time per level.
                   A        B        C        D        E       F      G
               +--------+--------+--------+--------+--------+-----+--------+
         Total |   3867 |   3693 |    174 |    132 |   2737 |   5 |  773.4 |
       Dungeon |   3703 |   3529 |    174 |     76 |   2723 |   4 |  925.8 |
         Sewer |    164 |    164 |      0 |     56 |     14 |   1 |  164.0 |
               +--------+--------+--------+--------+--------+-----+--------+

Top non-repeatable levels by time:
     D:2: 1296 daAuts
     D:3: 1088 daAuts
     D:1: 1034 daAuts
     D:4: 283 daAuts
   Sewer: 164 daAuts
